 Dungeon Crawl Stone Soup version 0.32-a0-41-gec2d92a32c (webtiles) character file.

Game seed: 6438910172675158846

185 Newt the Poker (level 5, -2/41 HPs)
             Began as a Merfolk Gladiator on Jan 25, 2024.
             Was a Follower of Uskayaw.
             Slain by a gnoll
             ... wielding a +0 halberd
              (15 damage)
             ... on level 4 of the Dungeon.
             The game lasted 00:03:51 (2450 turns).

Newt the Poker (Merfolk Gladiator)                  Turns: 2450, Time: 00:03:51

Health: -2/41      AC:  6    Str: 16    XL:     5   Next: 64%
Magic:  5/5        EV: 14    Int:  7    God:    Uskayaw [*.....]
Gold:   142        SH:  0    Dex: 16    Spells: 4/4 levels left

rFire   . . .        a - +0 trident
rCold   . . .        (no shield)
rNeg    . . .        b - +0 leather armour
rPois   .            c - +0 helmet
rElec   .            h - +0 cloak
rCorr   .            j - +0 pair of gloves
SInv    .            (no boots)
Will    .....        (no amulet)
Stlth   +            (no ring)
HPRegen 0.26/turn    (no ring)
MPRegen 0.09/turn

%: no passive effects
@: no status effects
A: (nimble swimmer 2), mertail
a: Renounce Religion, Stomp


You were on level 4 of the Dungeon.
You worshipped Uskayaw.
Uskayaw was noncommittal.
You visited 1 branch of the dungeon, and saw 4 of its levels.

You collected 142 gold pieces.

Inventory:

Hand Weapons
 a - a +0 trident (weapon)
Missiles
 e - a javelin
 f - a poisoned dart
Armour
 b - a +0 leather armour (worn)
 c - a +0 helmet (worn)
 h - a +0 cloak (worn)
 j - a +0 pair of gloves (worn)
Jewellery
 o - a ring of fire
Scrolls
 n - a scroll of enchant armour {unknown}
 p - a scroll of fear {unknown}
Potions
 i - a potion of degeneration
 q - a potion of ambrosia {unknown}


   Skills:
 + Level 3.3 Fighting
 * Level 6.0 Polearms
 - Level 2.0 Throwing
 * Level 6.0 Dodging


You had 4 spell levels left.
You didn't know any spells.
Your spell library contained the following spells:

 Spells                   Type           Power      Damage    Failure   Level
 Stone Arrow              Conj/Erth      0%         3d7       86%         3
 Animate Armour           Summ/Erth      0%         N/A       99%         4
 Lehudib's Crystal Spear  Conj/Erth      0%         10d2      100%        8


Dungeon Overview and Level Annotations

Branches:
Dungeon (4/15)
 Temple: D:4-7

Altars:
Okawaru
Trog
Uskayaw


Innate Abilities, Weirdness & Mutations

((You are very nimble when in or above water. (Stealth+, EV+, Speed+++)))
Your lower body shifts to a powerful aquatic tail in water.


Message History

The gnoll is no longer moving quickly.
The gnoll bouda barks out a call to the hunt!
The gnoll picks up the pace!
Uskayaw will force your foes to share their pain.
Uskayaw links your audience in an emotional bond!
You hit the gnoll bouda but do no damage.
The gnoll bouda is almost dead.
The gnoll bouda utters an invocation to its god.
The gnoll bouda is healed somewhat.
Unknown command.
Reach: a) +0 trident
Press: ? - help, Dir - move target, f - gnoll bouda, p - gnoll
Aim: a gnoll bouda, wielding a +0 whip and wearing a +0 leather armour (severely wounded, sharing its pain, about 34% to evade your +0 trident)
Okay, then.
Unknown command.
Unknown command.
You hit the gnoll bouda but do no damage.
The gnoll bouda is severely wounded.
The gnoll bouda hits you but does no damage.
Unknown command.
You closely miss the gnoll bouda.
The gnoll bouda is severely wounded.
Your surroundings suddenly seem different. 2 gnolls come into view.
The gnoll shouts!
You hear a shout!
Unknown command.
You can no longer pass through a line of other dancers.
As you read the scroll labelled ECEDAVEOHY, it dissolves into smoke.
It was a scroll of fog.
Unknown command.
You start resting.
A gnoll is nearby!
Reach: a) +0 trident
Press: ? - help, Dir - move target, f - gnoll
Aim: a gnoll, wielding a +0 spear (purple smoke, about 34% to evade your +0 trident)
You reach to attack!
You puncture the gnoll!
The gnoll is severely wounded.
The gnoll closely misses you. The gnoll hits you with a +0 spear.
The gnoll hits you with a +0 halberd!
You die...

...###### .........
......... .........
.........
#############
#######............
#.§g§§§g...........
#.@g§§.g...........
#.§.§#########...##
###### #...# #.....
#..... ##.### ...
.≈≈ ...


You could see 2 gnolls.

Vanquished Creatures
  An orc wizard (D:3)
  5 gnolls (D:4)
  3 adders
  2 dart slugs
  A ribbon worm (D:2)
  8 orcs
  2 ball pythons (D:1)
  5 bats
  6 endoplasms
  3 giant cockroaches
  7 goblins
  2 hobgoblins
  4 jackals (D:1)
  2 quokkas (D:2)
  5 frilled lizards
  10 kobolds
  6 rats
72 creatures vanquished.

Notes
Turn   | Place    | Note
-------+----------+-------------------------------------------
     0 | D:1      | Newt the Merfolk Gladiator began the quest for the Orb.
     0 | D:1      | Reached XP level 1. HP: 16/16 MP: 1/1
    85 | D:1      | Reached XP level 2. HP: 20/23 MP: 2/2
   388 | D:1      | Reached XP level 3. HP: 28/28 MP: 3/3
   934 | D:2      | Reached skill level 5 in Dodging
   958 | D:2      | Found a faded altar of an unknown god.
   969 | D:2      | Prayed at the altar of an unknown god.
   969 | D:2      | Became a worshipper of Uskayaw the Reveller
   969 | D:2      | Reached * piety under Uskayaw
   981 | D:2      | Reached skill level 5 in Polearms
  1254 | D:2      | Reached XP level 4. HP: 34/34 MP: 4/4
  1309 | D:2      | Found an iron altar of Okawaru.
  1461 | D:3      | Reached ** piety under Uskayaw
  1864 | D:3      | Reached XP level 5. HP: 41/41 MP: 5/5
  1865 | D:3      | Found a bloodstained altar of Trog.
  2420 | D:4      | Reached *** piety under Uskayaw
  2423 | D:4      | HP: 2/41 [gnoll bouda/+0 whip (10)]
  2427 | D:4      | Reached **** piety under Uskayaw
  2450 | D:4      | Slain by a gnoll

Illustrated notes

Levels and vault maps discovered:
D:1:      scummos_arrival_star, layout_loops_cross, minmay_heptomino_o4
D:2:      layout_loops_ring, basic_altar, basic_ecumenical_altar
D:3:      layout_loops_ring, trog_three_pillars_becter, serial_park_tiny_2
D:4:      layout_gridville, mainiacjoe_overflow_concentric_impassable,
          nicolae_overflow_hallway_of_the_gods, gammafunk_temple_overflow_pools,
          serial_shops, nicolae_shop_tiny_real_fake_doors

Skill      XL: |  1  2  3  4  5 |
---------------+----------------+-----
Dodging        | 5 6 |  6.0
Polearms       | 5 6 |  6.0
Fighting       | 3 |  3.3
Throwing       | |  2.0

Action                     |  1- 3 |  4- 6 || total
---------------------------+-------+-------++-------
  Melee: Trident           |   140 |   140 ||   280
         Punch             |     2 |     1 ||     3
  Throw: Throwing net      |       |     3 ||     3
         Dart              |       |     1 ||     1
 Invoke: Stomp             |       |     2 ||     2
    Use: Scroll            |       |     4 ||     4
         Potion            |       |     2 ||     2
   Stab: Sleeping          |     1 |       ||     1
         Paralysed         |       |     1 ||     1
 Armour: Leather armour    |    50 |    70 ||   120
  Dodge: Dodged            |    79 |    53 ||   132

Table legend: (Time is in decaauts)
 A = Elapsed time spent in this place.
 B = Non-inter-level travel time spent in this place.
 C = Inter-level travel time spent in this place.
 D = Time resting spent in this place.
 E = Time spent auto-exploring this place.
 F = Levels seen in this place.
 G = Mean time per level.
                   A        B        C        D        E       F      G
               +--------+--------+--------+--------+--------+-----+--------+
         Total |   2461 |   2352 |    109 |    209 |   1605 |   4 |  615.2 |
       Dungeon |   2461 |   2352 |    109 |    209 |   1605 |   4 |  615.2 |
               +--------+--------+--------+--------+--------+-----+--------+

Top non-repeatable levels by time:
     D:3: 819 daAuts
     D:1: 742 daAuts
     D:2: 647 daAuts
     D:4: 252 daAuts
